 Dungeon Crawl Stone Soup version 0.24-a0-769-g368c1644f8 (webtiles) character file.

Game seed: 13363297076699091535, levelgen mode: deterministic

4275 MalarOregon the Destroyer (level 10, 0/69 HPs)
             Began as a Red Draconian Conjurer on Oct 5, 2019.
             Was a Priest of the Shining One.
             Killed by the air
             ... invoked by Gastronok
              (39 damage)
             ... on level 8 of the Dungeon.
             The game lasted 00:15:51 (7736 turns).

MalarOregon the Destroyer (Red Draconian Conjurer)  Turns: 7736, Time: 00:15:51

Health: 0/69       AC: 10    Str: 10    XL:     10   Next: 10%
Magic:  1/23       EV: 12    Int: 20    God:    the Shining One [***...]
Gold:   419        SH:  5    Dex: 16    Spells: 20/28 levels left

rFire    + . .     SeeInvis .   i - +10 club
rCold    + . .     Gourm    .   (no shield)
rNeg     + . .     Faith    .   (armour unavailable)
rPois    .         Spirit   .   J - +0 hat
rElec    .         Reflect  +   d - +1 cloak
rCorr    .         Harm     .   l - +0 pair of gloves
MR       .....                  (no boots)
Stlth    +.........             t - +5 amulet of reflection
HPRegen  0.21/turn              o - ring of protection from cold
MPRegen  0.18/turn              B - +5 ring of dexterity

@: glowing
A: breathe fire, unfitting armour, fire resistance 1, cold-blooded, AC +7
a: Breathe Fire, Divine Shield, Renounce Religion


You were on level 8 of the Dungeon.
You worshipped the Shining One.
The Shining One was most pleased with you.
You were not hungry.

You visited 2 branches of the dungeon, and saw 9 of its levels.
You also visited: Sewer.

You collected 419 gold pieces.

Inventory:

Hand Weapons
 i - a +10 club (weapon)
   (You took it off Ijyb on level 3 of the Dungeon)
Missiles
 r - 3 silver javelins
 s - 10 poisoned darts (quivered)
 A - 4 silver boomerangs
 F - 4 atropa-tipped darts
Armour
 d - a +1 cloak (worn)
   (You found it on level 1 of the Dungeon)
 l - a +0 pair of gloves (worn)
   (You found it on level 5 of the Dungeon)
 E - a cursed +0 shield
   (You found it on level 6 of the Dungeon)
 J - a +0 hat (worn)
   (You found it on level 7 of the Dungeon)
Jewellery
 o - a ring of protection from cold (left hand)
   (You found it on level 3 of the Dungeon)
 t - a +5 amulet of reflection (around neck)
   (You found it on level 3 of the Dungeon)
 y - an uncursed ring of protection from cold
   (You found it on level 4 of the Dungeon)
 B - a +5 ring of dexterity (right hand)
   (You found it on level 6 of the Dungeon)
 K - an uncursed ring of resist corrosion
   (You found it on level 7 of the Dungeon)
Wands
 u - a wand of paralysis (11)
   (You found it on level 5 of the Dungeon)
 v - a wand of digging (11)
   (You took it off Terence on level 2 of the Dungeon)
Scrolls
 f - a scroll of enchant armour
 j - a scroll of fog
 k - 8 scrolls of remove curse {@r2}
 p - 2 scrolls of fear
 q - 4 scrolls of teleportation {@r4}
 x - a scroll of blinking
 I - a scroll of amnesia
Potions
 b - 3 potions of flight
 c - 4 potions of agility
 g - a potion of magic
 h - 8 potions of curing {@q1}
 n - a potion of lignification {!q}
 w - 2 potions of mutation {unknown}
 z - a potion of invisibility
 L - a potion of brilliance {unknown}
Comestibles
 e - 19 rations {!d}
 m - 2 chunks of flesh


   Skills:
 - Level 1.7 Dodging
 - Level 1.7 Stealth
 + Level 9.8 Spellcasting
 + Level 11.0 Conjurations


You had 20 spell levels left.
You knew the following spells:

 Your Spells              Type           Power        Failure   Level  Hunger
a - Iskenderun's Mystic   Conj           ######..     1%          4    ##.....
z - Fulminant Prism       Conj/Hex       ####......   8%          4    ##.....

Your spell library contained the following spells:

 Spells                   Type           Power        Failure   Level  Hunger
 Magic Dart               Conj           ####         1%          1    None
 Searing Ray              Conj           ######       1%          2    None
 Dazzling Spray           Conj/Hex       ####..       2%          3    None
 Corona                   Hex            #......      7%          1    None
 Force Lance              Conj/Tloc      ####....     8%          4    ##.....
 Ensorcelled Hibernation  Hex/Ice        #.....       11%         2    None
 Confuse                  Hex            #.......     22%         3    None
 Tukima's Dance           Hex            #.......     22%         3    None


Dungeon Overview and Level Annotations

Branches:
Dungeon (8/15)             Temple (1/1) D:7           Sewer (visited)
   Lair: D:8-11

Altars:
Ashenzari
Dithmenos
Elyvilon
Fedhas
Gozag
Kikubaaqudgha
Makhleb
Qazlal
Sif Muna
Trog
Uskayaw
Vehumet
Wu Jian
Xom
Yredelemnul
Zin
The Shining One

Shops:
D:5 (

Annotations:
D:7 1 runed translucent door, Kohma's ghost, novice DrCj
D:8 Gastronok


Innate Abilities, Weirdness & Mutations

You can breathe blasts of fire.
Your fiery red scales are hard. (AC +7)
You cannot fit into any form of body armour.
Your flesh is heat resistant. (rF+)
You are cold-blooded and may be slowed by cold attacks.


Message History

You barely miss the wolf. You block the wolf's attack. The wolf misses you.
The wolf barely misses you. The wolf closely misses you.
You sock the wolf! The wolf bites you but does no damage.
You block the wolf's attack. The wolf bites you! You block the wolf's attack.
The wolf misses you.
You thump the wolf!
You kill the wolf!
Your Conjurations skill increases to level 11!
You block the wolf's attack. The wolf closely misses you.
You hit the wolf. The wolf bites you but does no damage.
You block the wolf's attack.
You hit the wolf. The wolf bites you. The wolf bites you but does no damage.
You sock the wolf! You block the wolf's attack. The wolf closely misses you.
You barely miss the wolf. The wolf closely misses you.
The wolf barely misses you. The wolf closely misses you.
You hit the wolf. The wolf bites you but does no damage.
You block the wolf's attack.
You barely miss the wolf. You block the wolf's attack.
The wolf closely misses you.
You sock the wolf!
You kill the wolf!
No target in view!
You butcher the wolf corpse.
m - 3 chunks of flesh You see here a wolf skeleton. x2
Eating one of 3 chunks of flesh.
You eat one of the 3 chunks of flesh.
Gastronok the Ponderous comes into view.
He is wearing the +3 hat of Pondering {ponderous, MR+ MP+10 Int+5}.
Gastronok gurgles horribly!
As you read the scroll labeled OCVACH QEUFIPIO, it crumbles to dust.
You speak a Word of immense power!
It was a scroll of holy word.
You start resting.
Gastronok is nearby!
Aim: Gastronok, wearing the +3 hat of Pondering {ponderous, MR+ MP+10 Int+5} The orb of energy hits Gastronok!!
Aim: Gastronok, wearing the +3 hat of Pondering {ponderous, MR+ MP+10 Int+5} (lightly wounded, haloed)
The orb of energy hits Gastronok!
Aim: Gastronok, wearing the +3 hat of Pondering {ponderous, MR+ MP+10 Int+5} (moderately wounded, haloed)
The orb of energy hits Gastronok.
The orb of energy explodes!
Aim: Gastronok, wearing the +3 hat of Pondering {ponderous, MR+ MP+10 Int+5} (moderately wounded, haloed)
The orb of energy hits Gastronok!
Aim: Gastronok, wearing the +3 hat of Pondering {ponderous, MR+ MP+10 Int+5} (moderately wounded, haloed)
The orb of energy hits Gastronok!!
Gastronok gurgles, "A snack!
A snack!"
Gastronok waves his eye-stalks in wide circles.
The air twists around and strikes you!
You hit Gastronok.
Gastronok waves his eye-stalks in wide circles.
The air twists around and strikes you!
Ouch! That really hurt!
You die...

####### #.....# #.....# #.....#
#.....## #......##### ##
#..........##########.
#.......÷.............
####....w@.##...........#
########......###.##.........#.##
.........###### #.............÷..
..........### ####..........###
.......##...## #..........##.
###.#######..## #.........##..
#..### ##..#### #.........##.#
##...# ##....#####.#.####....
##### ####...#.....####....


You could see Gastronok.

Vanquished Creatures
  Prince Ribbit (D:5)
  A hippogriff (D:8)
  Sigmund (D:4)
  A spriggan (D:7)
  Grum (D:8)
  Menkaure (D:4)
  Duvessa (D:5)
  3 ice beasts
  A phantom (D:4)
  3 ogres
  A centaur (D:6)
  2 wolves (D:8)
  A crocodile (Sewer)
  Blork the orc (D:5)
  2 bullfrogs
  A gnoll sergeant (D:7)
  Dowan (D:5)
  4 scorpions
  8 wights
  A quasit (D:5)
  2 crimson imps
  A centaur zombie (D:7)
  5 orc priests
  2 bullfrog skeletons
  2 hounds
  3 jellies
  6 orc wizards
  Ijyb (D:3)
  Terence (D:2)
  4 iguanas
  9 worker ants
  Robin (D:2)
  12 gnolls
  12 adders
  3 river rats (D:5)
  A shadow imp (D:8)
  An adder zombie (D:5)
  2 worms
  2 dart slugs (D:2)
  2 leopard geckos
  35 orcs
  4 bats
  7 giant cockroaches
  22 goblins
  15 hobgoblins
  8 jackals
  20 kobolds
  2 quokkas
  A ball python (D:2)
  5 frilled lizards
  A jackal zombie (D:5)
  2 leopard gecko skeletons (D:4)
  A quokka skeleton (D:5)
  7 rats
238 creatures vanquished.

Notes
Turn   | Place    | Note
-------+----------+-------------------------------------------
     0 | D:1      | MalarOregon the Draconian Conjurer began the quest for the
                  | Orb.
     0 | D:1      | Reached XP level 1. HP: 14/14 MP: 3/3
   187 | D:1      | Reached XP level 2. HP: 14/20 MP: 5/5
   259 | D:1      | Found a glowing golden altar of the Shining One.
   322 | D:1      | Became a worshipper of the Shining One
   906 | D:2      | Reached XP level 3. HP: 26/26 MP: 1/7
   989 | D:2      | Noticed Terence
  1003 | D:2      | Killed Terence
  1093 | D:2      | Reached XP level 4. HP: 26/33 MP: 0/8
  1237 | D:2      | Noticed Robin
  1242 | D:2      | Killed Robin
  1256 | D:2      | Reached skill level 5 in Conjurations
  2299 | D:3      | Learned a level 4 spell: Iskenderun's Mystic Blast
  2304 | D:3      | Learned a level 4 spell: Fulminant Prism
  2537 | D:3      | Reached XP level 5. HP: 34/38 MP: 7/10
  2570 | D:3      | Found a shadowy altar of Dithmenos.
  2711 | D:3      | Found an opulent altar of Gozag.
  2924 | D:3      | Found an opulent altar of Gozag.
  3090 | D:4      | Noticed Ijyb
  3108 | D:3      | Killed Ijyb
  3127 | D:4      | Reached XP level 6. HP: 32/45 MP: 2/12
  3168 | D:4      | Reached skill level 6 in Conjurations
  3219 | D:4      | Noticed Menkaure
  3228 | D:4      | Killed Menkaure
  3228 | D:4      | Reached skill level 5 in Spellcasting
  3316 | D:4      | Noticed Sigmund
  3316 | D:4      | Reached * piety under the Shining One
  3597 | D:4      | Your scales start taking on a fiery red colour.
  3597 | D:4      | Reached XP level 7. HP: 37/50 MP: 8/14
  3597 | D:4      | Gained mutation: Your flesh is heat resistant. (rF+) [Red
                  | Draconian growth]
  3785 | D:4      | Killed Sigmund
  3785 | D:4      | Reached skill level 7 in Conjurations
  4249 | D:5      | Entered Level 5 of the Dungeon
  4249 | D:5      | Found Goluixta's Weapon Emporium.
  4249 | D:5      | Noticed Duvessa
  4250 | D:5      | Noticed Dowan
  4302 | D:5      | Noticed Blork the orc
  4310 | D:5      | Killed Blork the orc
  4393 | D:5      | Reached XP level 8. HP: 50/57 MP: 9/17
  4431 | D:5      | Reached skill level 8 in Conjurations
  4437 | D:5      | Killed Duvessa
  4450 | D:5      | Killed Dowan
  4598 | D:5      | Reached ** piety under the Shining One
  4679 | D:5      | Noticed Prince Ribbit
  4695 | D:5      | Killed Prince Ribbit
  4695 | D:5      | Reached skill level 9 in Conjurations
  4955 | D:5      | Found a glowing drain.
  4961 | Sewer    | Entered a sewer
  5185 | D:5      | Reached XP level 9. HP: 62/62 MP: 19/21
  5599 | D:6      | Found a burning altar of Makhleb.
  5684 | D:6      | Found a hide-covered altar of Uskayaw.
  5798 | D:6      | Found a shadowy altar of Dithmenos.
  6332 | D:7      | Reached skill level 10 in Conjurations
  6335 | D:7      | Reached *** piety under the Shining One
  6365 | D:7      | Found a staircase to the Ecumenical Temple.
  6383 | Temple   | Entered the Ecumenical Temple
  6609 | D:7      | Got a crystal flail
  6614 | D:7      | Identified the +7 flail of Waill {drain, MR++ Int+4} (You
                  | found it on level 7 of the Dungeon)
  6710 | D:7      | Found a runed translucent door.
  6718 | D:7      | Found a shimmering altar of Xom.
  6718 | D:7      | Noticed Kohma's ghost (novice DrCj)
  6730 | D:7      | Noticed a +1 falchion of chaos
  7389 | D:8      | Noticed Grum
  7403 | D:8      | Reached XP level 10. HP: 24/69 MP: 1/23
  7616 | D:8      | Killed Grum
  7655 | D:8      | Reached skill level 11 in Conjurations
  7689 | D:8      | Noticed Gastronok
  7736 | D:8      | Killed from afar by Gastronok

Levels and vault maps discovered:
D:1:      dpeg_arrival_long_road, layout_loops_ring, st_stairs_14,
          tso_metal_star
D:2:      layout_basic, serial_rivers, chequers_serial_rivers_large_a,
          chequers_serial_rivers_room_b, chequers_serial_rivers_room_a,
          chequers_serial_rivers_room_b, chequers_serial_rivers_micro_c,
          uniq_terence, uniq_robin
D:3:      layout_basic, nicolae_gozag_cash_rules_everything_around_me,
          kennysheep_flooded_box, grunt_dithmenos_smoke
D:4:      layout_basic, uniq_menkaure, uniq_ijyb, uniq_sigmund
D:5:      corexii_shantytown, layout_loops_ring, first_ration,
          portal_sewer_entry_e, serial_shops, shop_coins, uniq_blork_the_orc,
          uniq_duvessa, uniq_prince_ribbit1
D:6:      layout_basic, makhleb_grotto_becter, kennysheep_mini,
          old_standard_altar, corexii_hall_statues_x, kennysheep_small_circle
D:7:      layout_basic, minmay_temple_entry_stoned_glass, ebering_ghost_xom,
          the_bakery, hangedman_decor_push
D:8:      layout_rooms, grunt_temple_overflow_diamond, basic_altar, uniq_grum,
          uniq_gastronok
Temple:   minmay_temple_bridge_abc

Skill      XL: |  1  2  3  4  5  6  7  8  9 10 |
---------------+-------------------------------+-----
Spellcasting   | 3 4 5 6 8 9 |  9.8
Conjurations   | 5 6 7 9 10 11 | 11.0
Dodging        | |  1.7
Stealth        | |  1.7

Action                   |  1- 3 |  4- 6 |  7- 9 | 10-12 || total
-------------------------+-------+-------+-------+-------++-------
Melee: Dagger            |    52 |    36 |       |       ||    88
       Tailslap          |     8 |     4 |    22 |       ||    34
       Club              |       |    29 |   304 |    13 ||   346
Throw: Javelin           |       |     1 |     3 |       ||     4
 Cast: Magic Dart        |    31 |   122 |    44 |       ||   197
       Iskenderun's Myst |       |       |    44 |    11 ||    55
 Abil: Breathe Fire      |       |       |     2 |       ||     2
  Use: Potion            |       |     3 |       |       ||     3
       Scroll            |       |       |     9 |    10 ||    19
  Eat: Chunk             |     1 |     7 |    17 |     2 ||    27
Armor: Skin              |    14 |    17 |   141 |     7 ||   179
Dodge: Dodged            |    37 |    53 |   207 |    14 ||   311
Block: Other             |       |     6 |    94 |     8 ||   108
       Reflection        |       |       |     2 |       ||     2

Table legend:
 A = Non-vault XP
 B = Vault XP
 C = Vault XP percentage of total XP
 D = Non-vault monster count
 E = Vault monster count
 F = Vault count percentage of total count
                 A         B        C        D         E       F
            +---------+---------+-------+---------+---------+-------
      Total |    4057 |    2051 |  33.6 |     166 |      72 |  30.3
            +---------+---------+-------+---------+---------+-------
        D:1 |      14 |       1 |   6.7 |       8 |       1 |  11.1
        D:2 |      89 |      75 |  45.7 |      22 |      14 |  38.9
        D:3 |      93 |      38 |  29.0 |      23 |       1 |   4.2
        D:4 |     576 |     392 |  40.5 |      21 |       2 |   8.7
        D:5 |     776 |     744 |  48.9 |      24 |      42 |  63.6
        D:6 |     795 |      62 |   7.2 |      30 |       2 |   6.2
        D:7 |    1083 |     211 |  16.3 |      29 |       1 |   3.3
        D:8 |     631 |     413 |  39.6 |       9 |       3 |  25.0
      Sewer |       0 |     115 | 100.0 |       0 |       6 | 100.0
            +---------+---------+-------+---------+---------+-------
